 Dungeon Crawl Stone Soup version 0.28.0-1-gb440e238dd (webtiles) character file.

Game seed: 5275913715248935588

44 cbfl8 the Sneak (level 3, -10/33 HPs)
             Began as a Minotaur Delver on Feb 24, 2022.
             Mangled by a wyvern zombie (12 damage)
             ... on level 5 of the Dungeon.
             The game lasted 00:01:30 (681 turns).

cbfl8 the Sneak (Minotaur Delver)                    Turns: 681, Time: 00:01:30

Health: -10/33     AC:  6    Str: 18    XL:     3   Next: 39%
Magic:  2/2        EV: 12    Int:  7    God:
Gold:   31         SH:  0    Dex: 11    Spells: 2/2 levels left

rFire   . . .      SeeInvis .   a - +0 hand axe
rCold   . . .      Faith    .   (no shield)
rNeg    . . .      Spirit   .   b - +0 leather armour
rPois   .          Reflect  .   (helmet restricted)
rElec   .          Harm     .   (no cloak)
rCorr   .          Rampage  .   (no gloves)
Will    .....                   h - +2 pair of boots
Stlth   ++........              (no amulet)
HPRegen 0.11/turn               (no ring)
MPRegen 0.08/turn               (no ring)

@: no status effects
A: horns 2, retaliatory headbutt
a: no special abilities


You were on level 5 of the Dungeon.
You visited 1 branch of the dungeon, and saw 1 of its levels.

You collected 31 gold pieces.

Inventory:

Hand Weapons
 a - a +0 hand axe (weapon)
Armour
 b - a +0 leather armour (worn)
 h - a +2 pair of boots (worn)
Wands
 g - a wand of digging (3)
 k - a wand of mindburst (17)
Scrolls
 c - a scroll of fog
 d - a scroll of magic mapping
 e - a scroll of fear
 j - 2 scrolls of identify {unknown}
 l - a scroll of immolation {unknown}
Potions
 f - a potion of haste
 i - a potion of berserk rage {unknown}


   Skills:
 + Level 3.8 Fighting
 + Level 3.0 Axes
 + Level 0.8 Armour
 + Level 2.3 Dodging
 + Level 4.7 Stealth


You had 2 spell levels left.
You didn't know any spells.
Your spell library was empty.

Dungeon Overview and Level Annotations

Branches:
Dungeon (5/15)
 Temple: D:4-7

Altars:
Sif Muna


Innate Abilities, Weirdness & Mutations

You have a pair of horns on your head.
You reflexively headbutt those who attack you in melee.


Message History

You completely miss the wyvern zombie. The wyvern zombie bites you!
You completely miss the wyvern zombie. You headbutt the wyvern zombie.
The wyvern zombie is lightly damaged.
The wyvern zombie barely misses you.
The wyvern zombie completely misses you.
You furiously retaliate!
You headbutt the wyvern zombie. You hit the wyvern zombie.
The wyvern zombie is moderately damaged.
The wyvern zombie barely misses you.
You hit the wyvern zombie.
The wyvern zombie is moderately damaged.
The wyvern zombie bites you but does no damage.
The wyvern zombie misses you.
You slash the wyvern zombie!
The wyvern zombie is heavily damaged.
The wyvern zombie barely misses you. You furiously retaliate!
You headbutt the wyvern zombie.
You hit the wyvern zombie but do no damage.
The wyvern zombie is heavily damaged.
The wyvern zombie bites you but does no damage.
The wyvern zombie closely misses you.
You hit the wyvern zombie.
The wyvern zombie is severely damaged.
The wyvern zombie closely misses you.
You hit the wyvern zombie.
The wyvern zombie is severely damaged.
The wyvern zombie bites you.
The wyvern zombie bites you but does no damage.
You completely miss the wyvern zombie.
The wyvern zombie is severely damaged.
The wyvern zombie bites you.
You hit the wyvern zombie but do no damage.
The wyvern zombie is severely damaged.
The wyvern zombie bites you but does no damage.
The wyvern zombie bites you!
* * * LOW HITPOINT WARNING * * *
You hit the wyvern zombie.
The wyvern zombie is severely damaged.
The wyvern zombie bites you!
You die...

.##.# #...
....###.#.## #.#
..........$# #.#
...#####.#.#####.#
'### #......##.#
.# #.....##.#
.########.....##.#
...(..........##Z#
##########....##@#
###### #.....##.#
.....# #.....##.#
.....# #.....##.#
.....# #.....##.#
.....# #.....##.#
.....# #.....##.#
.....# #.....##.#
.....# #.######.#


You could see a wyvern zombie.

Vanquished Creatures
  A centaur skeleton (D:5)
  An adder (D:5)
  A dart slug (D:5)
  An orc (D:5)
  A jackal (D:5)
5 creatures vanquished.

Notes
Turn   | Place    | Note
-------+----------+-------------------------------------------
     0 | D:5      | cbfl8 the Minotaur Delver began the quest for the Orb.
     0 | D:5      | Reached XP level 1. HP: 19/19 MP: 0/0
    34 | D:5      | Reached XP level 2. HP: 7/27 MP: 1/1
   360 | D:5      | Reached XP level 3. HP: 31/33 MP: 2/2
   414 | D:5      | Found a shimmering blue altar of Sif Muna.
   681 | D:5      | Mangled by a wyvern zombie

Illustrated notes

Levels and vault maps discovered:
D:5:      layout_basic, lemuel_tele_altar, nicolae_wormholes

Skill      XL: |  1  2  3 |
---------------+----------+-----
Axes           | 3 |  3.0
Fighting       | |  3.8
Armour         | |  0.8
Dodging        | |  2.3
Stealth        | |  4.7

Action                   || total
-------------------------++-------
Melee: Hand axe          ||    35
       Headbutt          ||     5
       Punch             ||     1
Armor: Leather armour    ||    15
Dodge: Dodged            ||    26
